 Dungeon Crawl Stone Soup version 0.28.0-53-g5a82cb258f (webtiles) character file.

Game seed: 14525677236892298623

525 mcbry74 the Cleaver (level 7, -2/57 HPs)
             Began as a Hill Orc Fighter on June 22, 2022.
             Slain by an orc
             ... wielding a +0 falchion
              (6 damage)
             ... on level 5 of the Dungeon.
             The game lasted 00:10:12 (3956 turns).

mcbry74 the Cleaver (Hill Orc Fighter)              Turns: 3956, Time: 00:10:13

Health: -2/57      AC: -5    Str: 14    XL:     7   Next: 22%
Magic:  7/7        EV: 12    Int: 13    God:
Gold:   162        SH:  4    Dex: 10    Spells: 6/6 levels left

rFire   . . .      SeeInvis .   a - +1 war axe
rCold   . . .      Faith    .   c - +0 buckler
rNeg    + . .      Spirit   .   b - +0 scale mail
rPois   .          Reflect  .   (no helmet)
rElec   +          Harm     .   (no cloak)
rCorr   .          Rampage  .   (no gloves)
Will    .....                   (no boots)
Stlth   ..........              (no amulet)
HPRegen 0.19/turn               j - ring of Kal Kuidd {rElec rN+ EV+4 Str-5 Int+3}
MPRegen 0.10/turn               (no ring)

@: corroded
A: no striking features
a: no special abilities


You were on level 5 of the Dungeon.
You visited 1 branch of the dungeon, and saw 5 of its levels.

You collected 162 gold pieces.

Inventory:

Hand Weapons
 a - a +1 war axe (weapon)
 f - a +1 dagger of venom
Armour
 b - a +0 scale mail (worn)
 c - a +0 buckler (worn)
 o - the +1 ring mail of Syndicalism {rN+ Dex+5}
   (You found it on level 4 of the Dungeon)

   Dex:       It affects your dexterity (+5).
   rN:        It protects you from negative energy.
Jewellery
 j - the ring of Kal Kuidd (left hand) {rElec rN+ EV+4 Str-5 Int+3}
   (You took it off a goblin on level 2 of the Dungeon)

   [ring of evasion]

   EV:        It affects your evasion (+4).
   Str:       It affects your strength (-5).
   Int:       It affects your intelligence (+3).
   rElec:     It insulates you from electricity.
   rN:        It protects you from negative energy.
 m - a ring of ice
 n - an amulet of magic regeneration
Wands
 t - a wand of acid (14)
Scrolls
 e - a scroll of enchant weapon
 k - 2 scrolls of teleportation {unknown}
 l - 3 scrolls of identify {unknown}
 p - a scroll of torment {unknown}
 s - 2 scrolls of amnesia {unknown}
 v - a scroll of brand weapon {unknown}
Potions
 d - a potion of might
 g - 3 potions of ambrosia {unknown}
 h - a potion of heal wounds {unknown}
 i - a potion of lignification {unknown}
 q - a potion of mutation {unknown}
 r - a potion of curing {unknown}
 u - a potion of brilliance {unknown}


   Skills:
 - Level 3.6 Fighting
 + Level 10.1 Axes
 - Level 3.2 Armour
 - Level 3.2 Shields


You had 6 spell levels left.
You didn't know any spells.
Your spell library contained the following spells:

 Spells                   Type           Power      Damage    Failure   Level
 Animate Skeleton         Necr           0%         N/A       86%         1
 Pain                     Necr           0%         1d4       86%         1
 Ensorcelled Hibernation  Hex/Ice        0%         N/A       94%         2
 Scorch                   Fire           0%         2d5       94%         2
 Static Discharge         Conj/Air       0%         N/A       94%         2
 Spider Form              Tmut/Pois      0%         N/A       99%         3
 Vampiric Draining        Necr           0%         2d6       99%         3
 Anguish                  Hex/Necr       0%         N/A       100%        4
 Dispel Undead            Necr           0%         3d6       100%        4
 Flame Wave               Conj/Fire      0%         2d4       100%        4
 Sticky Flame             Conj/Fire      0%         2d3       100%        4
 Summon Cactus Giant      Summ           0%         N/A       100%        6


Dungeon Overview and Level Annotations

Branches:
Dungeon (5/15)
 Temple: D:4-7

Altars:
Ru

Shops:
D:3 (


Message History

The jelly is moderately wounded.
The jelly closely misses you.
You barely miss the jelly.
The jelly is moderately wounded.
The jelly hits you.
You are splashed with acid!
You hit the jelly but do no damage.
Your hands burn!
The jelly is moderately wounded.
An orc comes into view. It is wielding a +0 falchion.
The jelly barely misses you.
You slash the jelly!
Your hands burn!
The jelly is heavily wounded.
The jelly hits you. The acid corrodes you!
You are splashed with acid!
* * * LOW HITPOINT WARNING * * *
You hit the jelly.
Your hands burn!
* * * LOW HITPOINT WARNING * * *
The jelly is severely wounded.
The jelly barely misses you.
You slash the jelly!
Your hands burn!
* * * LOW HITPOINT WARNING * * *
The jelly is almost dead.
You block the jelly's attack.
You hit the jelly.
You kill the jelly!
Your Axes skill increases to level 10!
You slash the orc!
You kill the orc!
You hit the jelly. The acid corrodes you!
Your hands burn!
* * * LOW HITPOINT WARNING * * *
The jelly is lightly wounded.
The jelly closely misses you.
An orc wizard comes into view. It is wielding a +0 dagger.
As you read the scroll labelled TONOAJU EJOSM, it crumbles to dust.
It is a scroll of enchant weapon.
Your +0 war axe glows red for a moment.
The orc hits you with a +0 falchion.
* * * LOW HITPOINT WARNING * * *
You closely miss the orc. The orc barely misses you.
You hit the orc.
The orc is almost dead.
The orc hits you with a +0 falchion.
You die...

............. ........'......#...
........J... ........#......##'#
..........#+############'######..
..........#..........#........#..
....oo....#..........#........'..
...##.#####......J............#..
.. #..).)......##.####........###
. #.....o.....#oo...............
+.....#######@.....########...
#.....#............#......#...
...#.....#...................#...
...#.....#............#......#...
...#######............#......#...
......................#......#...
......................#......####
..........######......#.......
......... #......####.###


You could see a jelly and 2 orcs.

Vanquished Creatures
  2 ogres (D:4)
  2 jellies (D:5)
  A hound (D:4)
  A centaur skeleton (D:4)
  An iguana (D:5)
  2 orc wizards
  A hound skeleton (D:5)
  5 adders
  10 orcs
  8 endoplasms
  A giant cockroach (D:4)
  5 goblins
  10 hobgoblins
  10 jackals
  5 quokkas
  A ball python (D:2)
  4 bats
  A frilled lizard (D:3)
  7 kobolds (D:3)
  5 rats
82 creatures vanquished.

Vanquished Creatures (others)
  7 plants (D:3)
7 creatures vanquished.

Grand Total: 89 creatures vanquished

Notes
Turn   | Place    | Note
-------+----------+-------------------------------------------
     0 | D:1      | mcbry74 the Hill Orc Fighter began the quest for the Orb.
     0 | D:1      | Reached XP level 1. HP: 19/19 MP: 1/1
    42 | D:1      | Reached skill level 3 in Axes
   162 | D:1      | Found a faded altar of an unknown god.
   320 | D:1      | Reached XP level 2. HP: 26/26 MP: 2/2
   458 | D:1      | Reached skill level 4 in Axes
   539 | D:1      | Reached XP level 3. HP: 28/31 MP: 3/3
   974 | D:2      | Found a sacrificial altar of Ru.
  1015 | D:2      | Reached skill level 5 in Axes
  1147 | D:2      | Identified the ring of Kal Kuidd {rElec rN+ EV+4 Str-5
                  | Int+3}
  1817 | D:3      | Reached XP level 4. HP: 31/39 MP: 4/4
  2035 | D:3      | Reached skill level 6 in Axes
  2404 | D:3      | You fall into a shaft and drop 1 floor!
  2409 | D:4      | Identified the +1 ring mail of Syndicalism {rN+ Dex+5}
  2526 | D:3      | Found Kecebeq's Antique Weapon Shop.
  2765 | D:4      | Reached skill level 7 in Axes
  2765 | D:4      | Reached XP level 5. HP: 36/45 MP: 5/5
  2825 | D:4      | Noticed an ogre
  2832 | D:4      | Killed an ogre
  2833 | D:4      | Reached skill level 8 in Axes
  2833 | D:4      | Reached XP level 6. HP: 36/51 MP: 6/6
  3060 | D:4      | Reached skill level 9 in Axes
  3607 | D:5      | Entered Level 5 of the Dungeon
  3617 | D:5      | Reached XP level 7. HP: 46/57 MP: 7/7
  3942 | D:5      | Reached skill level 10 in Axes
  3956 | D:5      | Slain by an orc

Illustrated notes

Levels and vault maps discovered:
D:1:      denvon_arrival_planthouse, layout_basic,
          chequers_ecumenical_altar_simple
D:2:      layout_loops_corners, basic_altar
D:3:      layout_rooms, serial_shops, shop, lexackson_kobold_supper
D:4:      layout_cave_pools
D:5:      layout_gridville

Skill      XL: |  1  2  3  4  5  6  7 |
---------------+----------------------+-----
Axes           | 3 4 5 7 8 9 10 | 10.1
Fighting       | |  3.6
Armour         | |  3.2
Shields        | |  3.2

Action                   |  1- 3 |  4- 6 |  7- 9 || total
-------------------------+-------+-------+-------++-------
Melee: War axe           |    27 |    70 |    27 ||   124
       Dagger            |    63 |    48 |       ||   111
  Use: Potion            |       |     1 |       ||     1
       Scroll            |       |       |     1 ||     1
Armor: Scale mail        |    34 |    44 |     4 ||    82
Dodge: Dodged            |    47 |    62 |    14 ||   123
Block: Buckler           |    28 |    17 |     4 ||    49
